[ AOE2 MATCH · #483100332 ]
UnrankedChinese vs Romans
[ REPLAY ANALYSIS · EXTRACTED FROM THE RECORDED GAME ]
Feudal
11:42
Castle
22:02
Imperial
49:03
| APM avg | 21.0 |
| APM peak | 47 |
| eAPM avg | 14.1 |
| Villagers / military | 94 / 28 |
Focus
⚔️ 14.7% · 🌾 85.3%
Militia ×9 · Chu Ko Nu ×6 · Archer ×5 · Scorpion ×5 · Trade Cart ×4 · Spearman ×2
Feudal
11:08
Castle
15:02
Imperial
—
| APM avg | 14.8 |
| APM peak | 134 |
| eAPM avg | 11.7 |
| Villagers / military | 32 / 74 |
Focus
⚔️ 73.1% · 🌾 26.9%
Scorpion ×35 · Spearman ×28 · Battering Ram ×11
Feudal
10:07
Castle
22:53
Imperial
37:17
| APM avg | 27.7 |
| APM peak | 68 |
| eAPM avg | 11.6 |
| Villagers / military | 115 / 118 |
Focus
⚔️ 22.5% · 🌾 77.5%
Scout Cavalry ×49 · Obuch ×36 · Knight ×33
Feudal
11:49
Castle
23:32
Imperial
—
| APM avg | 10.1 |
| APM peak | 24 |
| eAPM avg | 8.6 |
| Villagers / military | 85 / 19 |
Focus
⚔️ 14.0% · 🌾 86.0%
Knight ×19
Feudal
12:24
Castle
24:00
Imperial
40:09
| APM avg | 21.3 |
| APM peak | 53 |
| eAPM avg | 9.3 |
| Villagers / military | 98 / 74 |
Focus
⚔️ 34.0% · 🌾 66.0%
Magyar Huszar ×51 · Knight ×10 · Spearman ×10 · Scout Cavalry ×3
Feudal
—
Castle
—
Imperial
—
| APM avg | 9.7 |
| APM peak | 29 |
| eAPM avg | 7.2 |
| Villagers / military | 56 / 16 |
Focus
⚔️ 14.6% · 🌾 85.4%
War Elephant ×16
Match map
Initial resources + every placement click. Lines = walls · curves = elevation contours. ◆ gold · ⬟ stone · ● berries · ✦ relic · ◌ wall gap
Your base· ✓ Closed at 22:02 · 72t walls · 1 gate(s)
Spartans300's base· Open — 6t gap
nosh's base· Open — unwalled flank
budi706's base· Open — unwalled flank
zebav's base· Open — unwalled flank
KiKiKinetic's base· Open — 5t gap
Smoothed initial terrain · ◌ = detected wall gap · hover for details
Inputs per minute
— Arguin331 - - Spartans300
Build order — Arguin331
First 150 of 252 actions detected
| 0:12 | Research | Loom |
| 0:58 | Create | Villager (Male) |
| 1:32 | Build | Lumber Camp |
| 1:44 | Create | Villager (Male) |
| 2:14 | Create | Villager (Male) |
| 2:40 | Create | Villager (Male) |
| 2:59 | Create | Villager (Male) |
| 3:37 | Build | House |
| 4:11 | Create | Villager (Male) |
| 5:02 | Create | Villager (Male) |
| 5:02 | Create | Villager (Male) |
| 5:10 | Build | Mill |
| 5:20 | Create | Villager (Male) |
| 6:06 | Create | Villager (Male) |
| 6:12 | Create | Villager (Male) |
| 6:13 | Create | Villager (Male) |
| 6:50 | Build | House |
| 7:04 | Create | Villager (Male) |
| 8:10 | Create | Villager (Male) |
| 8:12 | Create | Villager (Male) |
| 8:13 | Create | Villager (Male) |
| 8:44 | Build | House |
| 8:55 | Build | Palisade Wall |
| 8:59 | Build | Palisade Wall |
| 9:03 | Build | Palisade Wall |
| 9:10 | Build | Palisade Wall |
| 9:32 | Research | Feudal Age |
| 9:43 | Build | Barracks |
| 11:01 | Create | Villager (Male) |
| 11:01 | Create | Villager (Male) |
| 11:09 | Build | Mining Camp |
| 11:23 | Build | Farm |
| 11:29 | Build | Farm |
| 11:42 | Age | Feudal Age |
| 11:53 | Build | Blacksmith |
| 12:08 | Research | Double-Bit Axe |
| 12:41 | Build | Market |
| 12:47 | Create | Villager (Male) |
| 12:47 | Create | Villager (Male) |
| 13:05 | Build | Farm |
| 13:23 | Create | Villager (Male) |
| 13:25 | Create | Villager (Male) |
| 13:34 | Build | House |
| 13:35 | Build | House |
| 13:36 | Build | House |
| 13:37 | Build | House |
| 13:38 | Build | House |
| 13:40 | Build | House |
| 13:41 | Build | House |
| 13:41 | Build | House |
| 13:41 | Build | House |
| 13:41 | Build | House |
| 14:07 | Create | Spearman |
| 14:07 | Create | Spearman |
| 14:11 | Create | Villager (Male) |
| 14:12 | Create | Villager (Male) |
| 14:29 | Research | Horse Collar |
| 15:04 | Build | Farm |
| 15:05 | Build | Farm |
| 15:07 | Build | Farm |
| 15:08 | Build | Farm |
| 15:11 | Build | Farm |
| 15:14 | Build | Farm |
| 15:16 | Build | Farm |
| 15:23 | Build | Farm |
| 15:37 | Create | Villager (Male) |
| 15:37 | Create | Villager (Male) |
| 16:00 | Build | Archery Range |
| 16:28 | Build | Farm |
| 16:42 | Build | Farm |
| 16:48 | Create | Villager (Male) |
| 16:49 | Create | Villager (Male) |
| 16:50 | Create | Villager (Male) |
| 17:04 | Build | Farm |
| 17:10 | Build | Farm |
| 17:29 | Build | Stone Wall |
| 18:14 | Build | Palisade Gate |
| 18:25 | Build | Lumber Camp |
| 18:55 | Create | Archer |
| 18:55 | Create | Archer |
| 18:56 | Create | Archer |
| 18:56 | Create | Archer |
| 18:57 | Create | Archer |
| 19:22 | Research | Castle Age |
| 19:53 | Build | Mining Camp |
| 21:07 | Create | Militia |
| 21:08 | Create | Militia |
| 21:08 | Create | Militia |
| 21:43 | Create | Militia |
| 21:44 | Create | Militia |
| 21:44 | Create | Militia |
| 22:02 | Age | Castle Age |
| 23:40 | Research | Man-at-Arms (upgrade) |
| 23:41 | Create | Militia |
| 23:42 | Create | Militia |
| 23:42 | Create | Militia |
| 24:38 | Build | Town Center |
| 25:56 | Build | Farm |
| 25:57 | Build | Farm |
| 25:58 | Build | Farm |
| 26:00 | Build | Farm |
| 26:57 | Build | Town Center |
| 29:59 | Build | Mining Camp |
| 30:18 | Build | Mining Camp |
| 30:29 | Create | Villager (Male) |
| 30:29 | Create | Villager (Male) |
| 30:29 | Create | Villager (Male) |
| 30:30 | Create | Villager (Male) |
| 31:21 | Build | Farm |
| 31:22 | Build | Farm |
| 31:50 | Build | Farm |
| 31:51 | Build | Farm |
| 31:52 | Build | Farm |
| 31:54 | Build | Farm |
| 31:55 | Build | Farm |
| 31:57 | Build | Farm |
| 31:58 | Build | Farm |
| 32:46 | Build | Farm |
| 32:47 | Build | Farm |
| 33:34 | Create | Villager (Male) |
| 34:03 | Research | Heavy Plow |
| 34:23 | Create | Villager (Male) |
| 34:43 | Build | Market |
| 34:50 | Create | Villager (Male) |
| 35:00 | Create | Villager (Male) |
| 35:04 | Create | Villager (Male) |
| 35:05 | Create | Villager (Male) |
| 35:08 | Create | Villager (Male) |
| 35:09 | Create | Villager (Male) |
| 35:35 | Build | Town Center |
| 35:55 | Research | Bow Saw |
| 35:59 | Research | Stone Mining |
| 36:09 | Create | Villager (Male) |
| 36:09 | Create | Villager (Male) |
| 36:18 | Create | Trade Cart |
| 36:18 | Create | Trade Cart |
| 36:47 | Create | Villager (Male) |
| 36:47 | Create | Villager (Male) |
| 36:55 | Create | Villager (Male) |
| 36:55 | Create | Villager (Male) |
| 37:12 | Create | Villager (Male) |
| 37:24 | Build | Mining Camp |
| 37:31 | Create | Villager (Male) |
| 37:31 | Create | Villager (Male) |
| 37:32 | Research | Wheelbarrow |
| 37:48 | Research | Wheelbarrow |
| 37:49 | Create | Villager (Male) |
| 37:49 | Create | Villager (Male) |
| 37:49 | Create | Villager (Male) |
| 38:02 | Create | Trade Cart |
Build order — Spartans300
137 actions detected in the replay
| 0:02 | Create | Villager (Male) |
| 0:03 | Create | Villager (Male) |
| 0:03 | Create | Villager (Male) |
| 0:03 | Create | Villager (Male) |
| 0:04 | Create | Villager (Male) |
| 0:10 | Build | House |
| 0:12 | Build | House |
| 0:13 | Build | House |
| 1:46 | Create | Villager (Male) |
| 2:21 | Create | Villager (Male) |
| 2:21 | Create | Villager (Male) |
| 2:22 | Create | Villager (Male) |
| 3:14 | Create | Villager (Male) |
| 3:14 | Create | Villager (Male) |
| 3:58 | Create | Villager (Male) |
| 4:44 | Create | Villager (Male) |
| 4:44 | Create | Villager (Male) |
| 6:20 | Create | Villager (Male) |
| 6:34 | Build | Lumber Camp |
| 6:56 | Build | Mill |
| 7:18 | Create | Villager (Male) |
| 7:18 | Create | Villager (Male) |
| 7:55 | Create | Villager (Male) |
| 7:56 | Create | Villager (Male) |
| 8:01 | Research | Feudal Age |
| 8:01 | Research | Loom |
| 11:08 | Age | Feudal Age |
| 11:17 | Build | Market |
| 11:33 | Build | Blacksmith |
| 12:10 | Build | Mining Camp |
| 12:22 | Research | Castle Age |
| 13:08 | Build | House |
| 13:56 | Build | House |
| 14:16 | Build | Palisade Wall |
| 15:02 | Age | Castle Age |
| 15:04 | Create | Villager (Male) |
| 15:04 | Create | Villager (Male) |
| 15:36 | Build | Siege Workshop |
| 15:37 | Build | Siege Workshop |
| 15:56 | Research | Double-Bit Axe |
| 16:03 | Research | Gold Mining |
| 16:09 | Create | Villager (Male) |
| 17:03 | Create | Scorpion |
| 17:04 | Create | Scorpion |
| 17:22 | Build | Barracks |
| 17:34 | Create | Villager (Male) |
| 17:44 | Create | Scorpion |
| 17:45 | Create | Scorpion |
| 17:51 | Create | Scorpion |
| 18:10 | Create | Scorpion |
| 18:38 | Build | House |
| 18:39 | Build | House |
| 18:42 | Build | House |
| 18:50 | Research | Horse Collar |
| 18:58 | Create | Scorpion |
| 19:01 | Create | Scorpion |
| 19:22 | Create | Scorpion |
| 19:39 | Create | Battering Ram |
| 20:11 | Create | Battering Ram |
| 20:37 | Create | Spearman |
| 20:37 | Create | Spearman |
| 21:04 | Create | Battering Ram |
| 21:06 | Create | Scorpion |
| 21:06 | Create | Scorpion |
| 21:57 | Create | Scorpion |
| 21:58 | Create | Scorpion |
| 21:58 | Create | Scorpion |
| 22:50 | Create | Spearman |
| 22:51 | Create | Spearman |
| 22:51 | Create | Spearman |
| 23:40 | Create | Spearman |
| 23:40 | Create | Spearman |
| 24:40 | Build | Farm |
| 24:41 | Build | Farm |
| 24:43 | Build | Farm |
| 24:47 | Build | Farm |
| 25:38 | Create | Scorpion ×5 |
| 25:41 | Create | Battering Ram |
| 26:51 | Create | Battering Ram |
| 26:52 | Create | Scorpion |
| 26:52 | Create | Scorpion |
| 27:37 | Create | Battering Ram |
| 27:37 | Create | Battering Ram |
| 27:45 | Create | Spearman |
| 27:45 | Create | Spearman |
| 27:45 | Create | Spearman |
| 27:46 | Create | Spearman |
| 28:24 | Create | Battering Ram |
| 28:24 | Create | Battering Ram |
| 29:20 | Create | Spearman |
| 29:21 | Create | Spearman |
| 29:32 | Create | Spearman |
| 29:33 | Create | Spearman |
| 29:57 | Create | Spearman |
| 30:47 | Build | House |
| 30:50 | Build | House |
| 30:51 | Build | House |
| 30:53 | Build | House |
| 31:06 | Research | Scale Mail Armor |
| 31:43 | Create | Villager (Male) |
| 31:52 | Research | Pikeman (upgrade) |
| 32:02 | Create | Scorpion |
| 32:02 | Create | Scorpion |
| 32:04 | Create | Scorpion |
| 32:08 | Create | Scorpion |
| 32:09 | Create | Scorpion |
| 32:32 | Build | Farm |
| 33:26 | Create | Spearman |
| 33:26 | Create | Spearman |
| 33:26 | Create | Spearman |
| 33:47 | Create | Spearman |
| 34:32 | Create | Villager (Male) |
| 34:32 | Create | Villager (Male) |
| 35:44 | Build | Lumber Camp |
| 35:54 | Create | Spearman |
| 35:54 | Create | Spearman |
| 36:50 | Create | Villager (Male) |
| 36:50 | Create | Villager (Male) |
| 37:35 | Create | Villager (Male) |
| 38:13 | Create | Spearman |
| 38:18 | Create | Scorpion |
| 38:19 | Create | Scorpion |
| 38:19 | Create | Scorpion |
| 38:19 | Create | Scorpion |
| 39:47 | Create | Villager (Male) |
| 39:47 | Create | Villager (Male) |
| 39:59 | Create | Battering Ram |
| 40:35 | Create | Villager (Male) |
| 40:47 | Create | Battering Ram |
| 41:20 | Create | Spearman |
| 41:20 | Create | Spearman |
| 42:18 | Create | Scorpion ×2 |
| 42:18 | Create | Scorpion ×2 |
| 43:01 | Create | Scorpion |
| 46:46 | Create | Spearman |
| 46:47 | Create | Spearman |
| 46:47 | Create | Spearman |
Build order — nosh
First 150 of 310 actions detected
| 0:02 | Create | Villager (Male) |
| 0:02 | Create | Villager (Male) |
| 0:02 | Create | Villager (Male) |
| 0:02 | Create | Villager (Male) |
| 0:05 | Build | House |
| 0:07 | Build | House |
| 1:26 | Create | Villager (Male) |
| 2:23 | Create | Villager (Male) |
| 2:45 | Create | Villager (Male) |
| 3:05 | Build | Lumber Camp |
| 3:10 | Create | Villager (Male) |
| 3:22 | Create | Villager (Male) |
| 3:54 | Create | Villager (Male) |
| 4:00 | Build | House |
| 4:02 | Build | House |
| 4:29 | Research | Loom |
| 4:35 | Create | Villager (Male) |
| 4:35 | Create | Villager (Male) |
| 4:54 | Build | Mill |
| 5:30 | Create | Villager (Male) |
| 6:18 | Create | Villager (Male) |
| 6:19 | Create | Villager (Male) |
| 7:32 | Create | Villager (Male) |
| 7:51 | Research | Feudal Age |
| 8:00 | Build | House |
| 8:29 | Build | Mill |
| 8:36 | Create | Villager (Male) |
| 9:00 | Build | Barracks |
| 9:47 | Create | Villager (Male) |
| 10:07 | Age | Feudal Age |
| 10:13 | Build | Stable |
| 10:27 | Create | Villager (Male) |
| 10:30 | Research | Double-Bit Axe |
| 11:04 | Create | Scout Cavalry |
| 11:15 | Build | Blacksmith |
| 11:21 | Create | Scout Cavalry |
| 11:24 | Create | Villager (Male) |
| 11:25 | Create | Villager (Male) |
| 12:00 | Create | Scout Cavalry |
| 12:04 | Build | House |
| 12:07 | Create | Villager (Male) |
| 12:19 | Build | Farm |
| 12:21 | Research | Horse Collar |
| 12:33 | Build | Farm |
| 12:34 | Build | Farm |
| 12:35 | Build | Farm |
| 12:39 | Create | Scout Cavalry |
| 12:48 | Create | Villager (Male) |
| 12:53 | Build | Farm |
| 13:13 | Create | Villager (Male) |
| 13:18 | Build | Farm |
| 13:21 | Build | Farm |
| 13:24 | Build | Farm |
| 13:27 | Research | Forging |
| 14:02 | Create | Villager (Male) |
| 14:02 | Create | Villager (Male) |
| 14:03 | Create | Villager (Male) |
| 14:05 | Build | Farm |
| 14:07 | Build | Farm |
| 14:41 | Build | Farm |
| 15:16 | Create | Scout Cavalry |
| 15:17 | Create | Scout Cavalry |
| 15:54 | Create | Villager (Male) |
| 15:54 | Create | Villager (Male) |
| 15:55 | Create | Villager (Male) |
| 15:58 | Build | Farm |
| 16:25 | Create | Villager (Male) |
| 16:32 | Build | Farm |
| 16:43 | Build | Mining Camp |
| 16:44 | Create | Villager (Male) |
| 16:56 | Create | Scout Cavalry |
| 17:42 | Research | Scale Barding Armor |
| 17:43 | Create | Villager (Male) |
| 18:28 | Build | Market |
| 18:43 | Create | Villager (Male) |
| 18:43 | Create | Villager (Male) |
| 18:49 | Create | Scout Cavalry |
| 19:48 | Create | Villager (Male) |
| 19:55 | Build | Mining Camp |
| 20:09 | Research | Castle Age |
| 20:53 | Build | Stone Wall |
| 22:34 | Create | Scout Cavalry |
| 22:53 | Age | Castle Age |
| 23:04 | Build | Stone Wall |
| 23:06 | Create | Villager (Male) |
| 23:06 | Create | Villager (Male) |
| 23:06 | Create | Villager (Male) |
| 23:23 | Build | Town Center |
| 23:34 | Build | House |
| 23:37 | Build | House |
| 23:38 | Build | House |
| 23:41 | Build | House |
| 24:02 | Build | Mining Camp |
| 24:04 | Research | Heavy Plow |
| 24:11 | Research | Bow Saw |
| 24:55 | Create | Villager (Male) |
| 24:55 | Create | Villager (Male) |
| 25:06 | Research | Wheelbarrow |
| 25:27 | Create | Villager (Male) |
| 25:27 | Create | Villager (Male) |
| 25:46 | Build | House |
| 26:05 | Build | Castle |
| 26:08 | Build | Palisade Wall |
| 26:32 | Create | Villager (Male) |
| 26:33 | Create | Villager (Male) |
| 27:00 | Build | Stable |
| 27:01 | Build | Stable |
| 27:02 | Build | Stable |
| 27:08 | Research | Iron Casting |
| 27:09 | Research | Chain Barding Armor |
| 27:13 | Create | Villager (Male) |
| 27:13 | Create | Villager (Male) |
| 27:21 | Research | Szlachta Privileges |
| 27:37 | Build | Mining Camp |
| 27:52 | Research | Hand Cart |
| 27:53 | Create | Villager (Male) |
| 27:53 | Create | Villager (Male) |
| 28:05 | Build | Mill |
| 28:07 | Build | Farm |
| 28:08 | Build | Farm |
| 28:09 | Build | Farm |
| 28:11 | Build | Farm |
| 28:12 | Build | Farm |
| 28:13 | Build | Farm |
| 28:14 | Build | Farm |
| 28:15 | Build | Farm |
| 28:20 | Create | Knight |
| 28:21 | Create | Knight |
| 28:21 | Create | Knight |
| 28:21 | Create | Knight |
| 28:32 | Research | Bloodlines |
| 28:33 | Research | Husbandry |
| 28:44 | Create | Knight |
| 28:51 | Build | Farm |
| 28:52 | Build | Farm |
| 29:03 | Build | House |
| 29:12 | Build | Farm |
| 29:14 | Create | Villager (Male) |
| 29:15 | Create | Villager (Male) |
| 29:15 | Create | Villager (Male) |
| 29:16 | Create | Villager (Male) |
| 29:16 | Create | Villager (Male) |
| 29:31 | Create | Knight |
| 29:31 | Create | Knight |
| 29:32 | Create | Knight |
| 29:32 | Create | Knight |
| 29:32 | Create | Knight |
| 29:47 | Build | Lumber Camp |
| 30:05 | Build | Mill |
| 30:11 | Create | Knight |
Build order — budi706
First 150 of 192 actions detected
| 0:03 | Create | Villager (Male) |
| 0:03 | Create | Villager (Male) |
| 0:03 | Create | Villager (Male) |
| 0:03 | Create | Villager (Male) |
| 0:08 | Build | House |
| 0:10 | Build | House |
| 0:12 | Build | House |
| 0:14 | Build | House |
| 1:48 | Create | Villager (Male) |
| 1:49 | Create | Villager (Male) |
| 2:11 | Build | Mill |
| 3:34 | Create | Villager (Male) |
| 3:34 | Create | Villager (Male) |
| 3:54 | Create | Villager (Male) |
| 4:47 | Create | Villager (Male) |
| 4:48 | Create | Villager (Male) |
| 5:23 | Create | Villager (Male) |
| 5:23 | Create | Villager (Male) |
| 6:31 | Create | Villager (Male) |
| 6:32 | Create | Villager (Male) |
| 7:36 | Create | Villager (Male) |
| 7:36 | Create | Villager (Male) |
| 7:36 | Create | Villager (Male) |
| 7:36 | Create | Villager (Male) |
| 7:37 | Create | Villager (Male) |
| 7:37 | Create | Villager (Male) |
| 8:54 | Build | Lumber Camp |
| 9:39 | Research | Feudal Age |
| 9:39 | Research | Loom |
| 10:54 | Build | Barracks |
| 11:49 | Age | Feudal Age |
| 11:49 | Build | Mining Camp |
| 12:23 | Build | Mill |
| 13:14 | Build | Market |
| 13:28 | Build | Blacksmith |
| 16:28 | Create | Villager (Male) |
| 16:29 | Create | Villager (Male) |
| 16:29 | Create | Villager (Male) |
| 20:52 | Research | Castle Age |
| 21:29 | Build | Lumber Camp |
| 22:35 | Build | Farm |
| 22:47 | Build | Farm |
| 22:56 | Build | Farm |
| 23:08 | Build | Farm |
| 23:32 | Age | Castle Age |
| 23:51 | Create | Villager (Male) |
| 23:51 | Create | Villager (Male) |
| 24:24 | Build | Farm |
| 25:49 | Create | Villager (Male) |
| 25:49 | Create | Villager (Male) |
| 25:50 | Create | Villager (Male) |
| 26:21 | Build | House |
| 26:24 | Build | House |
| 26:29 | Build | House |
| 26:40 | Build | Farm |
| 26:47 | Build | Farm |
| 26:57 | Create | Villager (Male) |
| 26:58 | Create | Villager (Male) |
| 27:26 | Create | Villager (Male) |
| 27:41 | Build | Farm |
| 28:02 | Create | Villager (Male) |
| 28:28 | Research | Double-Bit Axe |
| 28:31 | Create | Villager (Male) |
| 29:08 | Research | Gold Mining |
| 29:19 | Build | Farm |
| 29:30 | Create | Villager (Male) |
| 29:57 | Create | Villager (Male) |
| 29:58 | Create | Villager (Male) |
| 30:28 | Create | Villager (Male) |
| 30:28 | Create | Villager (Male) |
| 30:57 | Build | Town Center |
| 31:32 | Research | Wheelbarrow |
| 31:33 | Create | Villager (Male) |
| 31:33 | Create | Villager (Male) |
| 32:21 | Create | Villager (Male) |
| 32:25 | Create | Villager (Male) |
| 32:26 | Create | Villager (Male) |
| 32:29 | Create | Villager (Male) |
| 32:32 | Create | Villager (Male) |
| 32:32 | Create | Villager (Male) |
| 33:03 | Create | Villager (Male) |
| 33:07 | Create | Villager (Male) |
| 33:30 | Build | Mining Camp |
| 33:43 | Create | Villager (Male) |
| 33:43 | Create | Villager (Male) |
| 34:01 | Research | Gold Shaft Mining |
| 34:14 | Build | Farm |
| 34:18 | Build | Farm |
| 34:22 | Build | Farm |
| 34:26 | Build | Farm |
| 34:30 | Build | Farm |
| 34:34 | Build | Farm |
| 35:06 | Create | Villager (Male) |
| 35:07 | Create | Villager (Male) |
| 35:10 | Create | Villager (Male) |
| 35:11 | Create | Villager (Male) |
| 35:20 | Research | Stone Mining |
| 35:34 | Research | Bow Saw |
| 35:43 | Build | Farm |
| 35:48 | Create | Villager (Male) |
| 35:54 | Create | Villager (Male) |
| 35:54 | Create | Villager (Male) |
| 36:08 | Build | Farm |
| 36:48 | Research | Hand Cart |
| 36:49 | Create | Villager (Male) |
| 36:52 | Create | Villager (Male) |
| 36:53 | Create | Villager (Male) |
| 37:12 | Build | Farm |
| 37:14 | Build | Farm |
| 37:16 | Build | Farm |
| 37:34 | Build | Farm |
| 37:43 | Create | Villager (Male) |
| 37:47 | Create | Villager (Male) |
| 37:47 | Create | Villager (Male) |
| 37:48 | Create | Villager (Male) |
| 38:13 | Build | Stable |
| 39:36 | Create | Knight |
| 39:36 | Create | Knight |
| 39:36 | Create | Knight |
| 39:37 | Research | Husbandry |
| 40:13 | Create | Villager (Male) |
| 40:13 | Create | Villager (Male) |
| 40:40 | Create | Villager (Male) |
| 40:41 | Create | Villager (Male) |
| 41:09 | Build | Lumber Camp |
| 41:49 | Create | Villager (Male) |
| 41:49 | Create | Villager (Male) |
| 41:49 | Create | Villager (Male) |
| 41:50 | Create | Villager (Male) |
| 41:51 | Create | Villager (Male) |
| 43:00 | Build | Town Center |
| 43:12 | Create | Knight |
| 43:12 | Create | Knight |
| 43:13 | Create | Knight |
| 43:45 | Create | Villager (Male) |
| 43:45 | Create | Villager (Male) |
| 43:46 | Create | Villager (Male) |
| 44:19 | Research | Scale Barding Armor |
| 44:41 | Build | House |
| 44:43 | Build | House |
| 44:44 | Build | House |
| 44:46 | Build | House |
| 44:48 | Build | House |
| 44:51 | Build | House |
| 44:53 | Build | House |
| 44:55 | Build | House |
| 44:56 | Build | House |
| 44:58 | Build | House |
| 45:00 | Build | House |
| 45:01 | Build | House |
Build order — zebav
First 150 of 303 actions detected
| 0:06 | Build | House |
| 0:07 | Build | House |
| 0:10 | Create | Villager (Male) |
| 0:10 | Create | Villager (Male) |
| 0:11 | Create | Villager (Male) |
| 0:11 | Create | Villager (Male) |
| 1:34 | Create | Villager (Male) |
| 1:43 | Build | Lumber Camp |
| 1:57 | Research | Loom |
| 2:19 | Create | Villager (Male) |
| 2:43 | Create | Villager (Male) |
| 3:24 | Create | Villager (Male) |
| 3:37 | Build | House |
| 3:39 | Build | House |
| 3:50 | Create | Villager (Male) |
| 4:06 | Build | Mill |
| 4:20 | Create | Villager (Male) |
| 5:12 | Create | Villager (Male) |
| 5:24 | Build | House |
| 5:49 | Create | Villager (Male) |
| 5:53 | Create | Villager (Male) |
| 6:04 | Build | Palisade Gate |
| 6:34 | Create | Villager (Male) |
| 6:47 | Build | Palisade Wall |
| 6:56 | Create | Villager (Male) |
| 7:23 | Create | Villager (Male) |
| 8:17 | Build | Palisade Wall |
| 8:33 | Create | Villager (Male) |
| 8:34 | Create | Villager (Male) |
| 8:49 | Build | Mill |
| 8:55 | Create | Villager (Male) |
| 8:58 | Create | Villager (Male) |
| 9:32 | Create | Villager (Male) |
| 9:43 | Build | House |
| 9:44 | Build | House |
| 10:03 | Research | Feudal Age |
| 10:17 | Build | Barracks |
| 11:48 | Build | Palisade Gate |
| 11:51 | Build | House |
| 12:04 | Create | Villager (Male) |
| 12:04 | Create | Villager (Male) |
| 12:24 | Age | Feudal Age |
| 12:28 | Research | Double-Bit Axe |
| 12:35 | Build | Stable |
| 12:47 | Create | Spearman |
| 13:02 | Create | Villager (Male) |
| 13:04 | Create | Villager (Male) |
| 13:19 | Build | Blacksmith |
| 13:31 | Create | Scout Cavalry |
| 13:31 | Create | Scout Cavalry |
| 13:40 | Build | House |
| 13:41 | Build | House |
| 13:51 | Build | Market |
| 14:04 | Create | Spearman |
| 14:06 | Create | Scout Cavalry |
| 14:17 | Build | House |
| 14:24 | Build | House |
| 15:03 | Build | Farm |
| 15:04 | Build | Farm |
| 15:08 | Research | Horse Collar |
| 15:19 | Build | Farm |
| 15:39 | Build | Farm |
| 15:51 | Build | Farm |
| 15:59 | Build | Farm |
| 16:08 | Build | Farm |
| 16:16 | Create | Villager (Male) |
| 16:16 | Create | Villager (Male) |
| 16:59 | Create | Villager (Male) |
| 17:40 | Build | Mining Camp |
| 17:49 | Build | Farm |
| 17:59 | Build | Farm |
| 18:11 | Build | Farm |
| 18:12 | Build | Farm |
| 18:13 | Build | Farm |
| 18:23 | Build | Palisade Wall |
| 19:16 | Create | Villager (Male) |
| 19:16 | Create | Villager (Male) |
| 19:38 | Create | Villager (Male) |
| 20:00 | Build | Mining Camp |
| 21:20 | Research | Castle Age |
| 21:28 | Research | Gold Mining |
| 21:35 | Build | Stable |
| 21:54 | Research | Stone Mining |
| 22:14 | Build | Lumber Camp |
| 22:57 | Research | Bloodlines |
| 23:00 | Research | Scale Barding Armor |
| 23:02 | Create | Villager (Male) |
| 23:02 | Create | Villager (Male) |
| 23:27 | Build | Farm |
| 23:55 | Create | Villager (Male) |
| 24:00 | Age | Castle Age |
| 24:43 | Research | Bow Saw |
| 24:45 | Research | Heavy Plow |
| 24:48 | Create | Knight |
| 24:49 | Create | Knight |
| 24:51 | Create | Villager (Male) |
| 25:23 | Build | Farm |
| 25:24 | Build | Farm |
| 25:27 | Create | Knight |
| 25:27 | Create | Knight |
| 25:38 | Create | Villager (Male) |
| 25:38 | Create | Villager (Male) |
| 25:53 | Build | Town Center |
| 26:06 | Create | Knight |
| 26:28 | Research | Husbandry |
| 26:35 | Build | Farm |
| 26:39 | Create | Villager (Male) |
| 26:46 | Create | Knight |
| 27:17 | Build | Farm |
| 27:32 | Create | Villager (Male) |
| 27:32 | Create | Villager (Male) |
| 27:36 | Create | Knight |
| 27:40 | Create | Villager (Male) |
| 28:33 | Create | Villager (Male) |
| 28:34 | Create | Villager (Male) |
| 28:47 | Create | Villager (Male) |
| 28:47 | Create | Villager (Male) |
| 28:51 | Create | Knight |
| 28:51 | Create | Knight |
| 29:31 | Create | Villager (Male) |
| 29:31 | Create | Villager (Male) |
| 29:32 | Create | Villager (Male) |
| 29:32 | Create | Villager (Male) |
| 30:05 | Build | Farm |
| 30:06 | Build | Farm |
| 30:07 | Build | Farm |
| 30:08 | Build | Farm |
| 30:09 | Build | Farm |
| 30:28 | Research | Chain Barding Armor |
| 30:29 | Create | Villager (Male) |
| 30:30 | Create | Villager (Male) |
| 30:36 | Build | Farm |
| 30:42 | Build | Farm |
| 30:47 | Build | Farm |
| 30:52 | Create | Villager (Male) |
| 30:52 | Create | Villager (Male) |
| 31:15 | Create | Villager (Male) |
| 31:16 | Create | Villager (Male) |
| 31:19 | Create | Knight |
| 31:26 | Build | House |
| 31:27 | Build | House |
| 31:28 | Build | House |
| 31:30 | Build | House |
| 31:32 | Build | House |
| 32:34 | Create | Villager (Male) |
| 32:34 | Create | Villager (Male) |
| 33:05 | Create | Villager (Male) |
| 33:05 | Create | Villager (Male) |
| 33:06 | Create | Villager (Male) |
| 33:37 | Create | Villager (Male) |
Build order — KiKiKinetic
131 actions detected in the replay
| 0:17 | Build | House |
| 0:19 | Build | House |
| 0:20 | Build | House |
| 0:20 | Build | House |
| 0:22 | Build | Lumber Camp |
| 0:28 | Create | Villager (Male) |
| 0:28 | Create | Villager (Male) |
| 0:28 | Create | Villager (Male) |
| 0:29 | Create | Villager (Male) |
| 0:29 | Create | Villager (Male) |
| 0:30 | Research | Loom |
| 2:50 | Create | Villager (Male) |
| 2:50 | Create | Villager (Male) |
| 2:52 | Create | Villager (Male) |
| 4:17 | Create | Villager (Male) |
| 4:18 | Create | Villager (Male) |
| 4:27 | Create | Villager (Male) |
| 5:33 | Create | Villager (Male) |
| 5:34 | Create | Villager (Male) |
| 6:10 | Build | Mining Camp |
| 6:16 | Create | Villager (Male) |
| 6:28 | Build | Mill |
| 6:53 | Build | Mining Camp |
| 7:43 | Create | Villager (Male) |
| 8:16 | Build | Farm |
| 8:18 | Create | Villager (Male) |
| 8:41 | Create | Villager (Male) |
| 8:56 | Build | Farm |
| 9:08 | Build | Farm |
| 9:15 | Build | House |
| 9:27 | Build | House |
| 9:28 | Build | House |
| 9:29 | Build | House |
| 9:32 | Build | House |
| 9:34 | Build | House |
| 9:46 | Create | Villager (Male) |
| 9:49 | Create | Villager (Male) |
| 10:20 | Build | Palisade Wall |
| 10:23 | Build | Palisade Wall |
| 10:43 | Create | Villager (Male) |
| 10:43 | Create | Villager (Male) |
| 12:11 | Create | Villager (Male) |
| 12:22 | Create | Villager (Male) |
| 12:23 | Create | Villager (Male) |
| 12:44 | Build | Lumber Camp |
| 12:46 | Create | Villager (Male) |
| 13:21 | Build | House |
| 13:22 | Build | House |
| 13:23 | Build | House |
| 13:25 | Build | House |
| 13:40 | Build | Palisade Wall |
| 13:46 | Create | Villager (Male) |
| 13:49 | Create | Villager (Male) |
| 14:19 | Build | Farm |
| 14:41 | Build | Farm |
| 14:43 | Create | Villager (Male) |
| 15:10 | Build | Farm |
| 15:12 | Create | Villager (Male) |
| 15:24 | Build | Farm |
| 15:24 | Build | Farm |
| 15:25 | Build | Farm |
| 15:25 | Build | Farm |
| 15:25 | Build | Farm |
| 15:25 | Build | Farm |
| 15:30 | Research | Feudal Age |
| 16:35 | Create | Villager (Male) |
| 17:48 | Build | Farm |
| 18:03 | Build | Farm |
| 18:04 | Create | Villager (Male) |
| 18:04 | Create | Villager (Male) |
| 18:05 | Create | Villager (Male) |
| 18:07 | Create | Villager (Male) |
| 18:22 | Build | Palisade Wall |
| 18:23 | Build | Palisade Wall |
| 18:24 | Build | Palisade Wall |
| 18:38 | Build | Palisade Wall |
| 19:05 | Build | Lumber Camp |
| 19:18 | Research | Horse Collar |
| 19:21 | Research | Double-Bit Axe |
| 23:04 | Create | Villager (Male) |
| 23:04 | Create | Villager (Male) |
| 23:05 | Create | Villager (Male) |
| 23:29 | Create | Villager (Male) |
| 23:30 | Create | Villager (Male) |
| 24:34 | Create | Villager (Male) |
| 25:48 | Build | Palisade Wall |
| 25:55 | Build | Palisade Wall |
| 25:59 | Build | Palisade Wall |
| 26:24 | Create | Villager (Male) |
| 26:38 | Build | Market |
| 26:42 | Build | Blacksmith |
| 27:01 | Build | Farm |
| 27:53 | Build | Palisade Gate |
| 28:06 | Build | Palisade Gate |
| 28:10 | Build | Palisade Gate |
| 28:22 | Create | Villager (Male) |
| 28:22 | Create | Villager (Male) |
| 28:26 | Research | Castle Age |
| 30:49 | Create | Villager (Male) |
| 30:50 | Create | Villager (Male) |
| 30:53 | Create | Villager (Male) |
| 30:54 | Create | Villager (Male) |
| 31:08 | Build | Castle |
| 31:16 | Build | Castle |
| 32:00 | Build | Palisade Gate |
| 32:42 | Create | Villager (Male) |
| 32:42 | Create | Villager (Male) |
| 32:42 | Create | Villager (Male) |
| 32:50 | Create | Villager (Male) |
| 32:50 | Create | Villager (Male) |
| 33:22 | Build | Mining Camp |
| 34:58 | Create | War Elephant ×5 |
| 35:04 | Create | War Elephant ×5 |
| 35:16 | Create | War Elephant |
| 35:16 | Create | War Elephant |
| 37:43 | Build | Town Center |
| 38:18 | Build | Town Center |
| 38:33 | Create | War Elephant |
| 41:06 | Create | War Elephant |
| 41:27 | Create | Villager (Male) |
| 41:27 | Create | Villager (Male) |
| 41:55 | Create | Villager (Male) |
| 42:11 | Build | Farm |
| 42:11 | Build | Farm |
| 42:11 | Build | Farm |
| 42:12 | Build | Farm |
| 42:41 | Create | Villager (Male) |
| 45:29 | Build | University |
| 46:27 | Research | Murder Holes |
| 47:25 | Create | War Elephant |
| 47:28 | Create | War Elephant |
Match timeline
| 6:47 | zebav · wall_segment Palisade Wall x15 |
| 8:17 | zebav · wall_segment Palisade Wall x1 |
| 8:55 | Arguin331 · wall_segment Palisade Wall x9 |
| 8:59 | Arguin331 · wall_segment Palisade Wall x18 |
| 9:00 | nosh · first_building Barracks |
| 9:03 | Arguin331 · wall_segment Palisade Wall x9 |
| 9:10 | Arguin331 · wall_segment Palisade Wall x22 |
| 9:43 | Arguin331 · first_building Barracks |
| 10:07 | nosh · age_up feudal |
| 10:13 | nosh · first_building Stable |
| 10:17 | zebav · first_building Barracks |
| 10:20 | KiKiKinetic · wall_segment Palisade Wall x12 |
| 10:23 | KiKiKinetic · wall_segment Palisade Wall x2 |
| 10:54 | budi706 · first_building Barracks |
| 11:08 | Spartans300 · age_up feudal |
| 11:42 | Arguin331 · age_up feudal |
| 11:49 | budi706 · age_up feudal |
| 12:18 | Spartans300 · first_market_sell 100 stone |
| 12:24 | zebav · age_up feudal |
| 12:35 | zebav · first_building Stable |
| 13:40 | KiKiKinetic · wall_segment Palisade Wall x11 |
| 14:16 | Spartans300 · wall_segment Palisade Wall x1 |
| 14:51 | budi706 · first_market_sell 100 stone |
| 15:02 | Spartans300 · age_up castle |
| 15:36 | Spartans300 · first_building Siege Workshop |
| 16:00 | Arguin331 · first_building Archery Range |
| 17:22 | Spartans300 · first_building Barracks |
| 17:29 | Arguin331 · wall_segment Stone Wall x15 |
| 18:22 | KiKiKinetic · wall_segment Palisade Wall x1 |
| 18:23 | zebav · wall_segment Palisade Wall x17 |
| 18:23 | KiKiKinetic · wall_segment Palisade Wall x1 |
| 18:24 | KiKiKinetic · wall_segment Palisade Wall x1 |
| 18:38 | KiKiKinetic · wall_segment Palisade Wall x21 |
| 20:53 | nosh · wall_segment Stone Wall x12 |
| 22:02 | Arguin331 · age_up castle |
| 22:53 | nosh · age_up castle |
| 23:04 | nosh · wall_segment Stone Wall x9 |
| 23:32 | budi706 · age_up castle |
| 24:00 | zebav · age_up castle |
| 25:48 | KiKiKinetic · wall_segment Palisade Wall x25 |
| 25:55 | KiKiKinetic · wall_segment Palisade Wall x7 |
| 25:59 | KiKiKinetic · wall_segment Palisade Wall x1 |
| 26:05 | nosh · first_building Castle |
| 26:08 | nosh · wall_segment Palisade Wall x1 |
| 31:08 | KiKiKinetic · first_building Castle |
| 31:48 | Spartans300 · first_market_buy 100 food |
| 33:57 | zebav · first_building Castle |
| 35:03 | nosh · tribute_sent a jugador 1 |
| 35:03 | nosh · tribute_sent a jugador 3 |
| 35:03 | nosh · tribute_sent a jugador 4 |
| 35:03 | nosh · tribute_sent a jugador 5 |
| 35:03 | nosh · tribute_sent a jugador 6 |
| 37:17 | nosh · age_up imperial |
| 38:13 | budi706 · first_building Stable |
| 40:01 | Arguin331 · first_building Siege Workshop |
| 40:09 | zebav · age_up imperial |
| 40:51 | Arguin331 · first_building Monastery |
| 44:28 | Arguin331 · first_building Castle |
| 45:30 | nosh · first_market_sell 500 wood |
| 45:47 | Arguin331 · first_market_sell 100 wood |
| 45:49 | Arguin331 · first_market_buy 100 food |
| 47:50 | KiKiKinetic · resign |
| 49:03 | Arguin331 · age_up imperial |
[ AI ANALYSIS · 1 CREDIT ]
What really happened in this match?
Wolo.gg analyzes every decision: build order, eco, micro, common mistakes by bracket. Personalized analysis on WhatsApp or Discord in 30 seconds.
Civ guide
Chinese
Perfil
Jugador #4449331